 Dungeon Crawl Stone Soup version 0.21-a0-29-g43b3074 (webtiles) character file.

95 grindst0ne the Ruffian (level 4, -7/45 HPs)
             Began as a Troll Monk on May 26, 2017.
             Killed by divine providence
             ... invoked by an orc priest
              (13 damage)
             ... on level 3 of the Dungeon.
             The game lasted 00:03:05 (1078 turns).

grindst0ne the Ruffian (Troll Monk)                 Turns: 1078, Time: 00:03:05

Health: -7/45      AC:  5    Str: 21    XL:     4   Next: 39%
Magic:  3/3        EV: 11    Int:  6    God:
Gold:   83         SH:  0    Dex: 13    Spells: 3/3 levels left

rFire    . . .     SeeInvis .     - Unarmed
rCold    . . .     Gourm    +   (no shield)
rNeg     . . .     Faith    .   a - +0 robe
rPois    .         Spirit   .   (helmet restricted)
rElec    .         Reflect  .   (no cloak)
rCorr    .         Harm     .   (gloves unavailable)
MR       .....                  (boots unavailable)
Stlth    ++........             (no amulet)
Regen    0.6/turn               i - +2 ring of strength
MPRegen  0.1/turn               (no ring)

@: no status effects
A: unfitting armour, claws 3, fast metabolism 3, gourmand, regeneration 1,
shaggy fur 1, tough skin 2
a: no special abilities


You were on level 3 of the Dungeon.
You were not hungry.

You visited 1 branch of the dungeon, and saw 3 of its levels.

You collected 83 gold pieces.

Inventory:

Armour
 a - a +0 robe (worn)
 n - a +0 pair of gloves
Jewellery
 i - a +2 ring of strength (left claw)
 p - an uncursed ring of see invisible {unknown}
Scrolls
 h - a scroll of teleportation
Potions
 e - a potion of flight
 f - a potion of invisibility {unknown}
 j - 2 potions of haste {unknown}
 k - a potion of degeneration {unknown}
 m - a potion of brilliance {unknown}
Comestibles
 b - 4 bread rations
 g - 2 royal jellies
 q - a fruit


   Skills:
 + Level 3.1 Fighting
 * Level 3.2 Dodging
 - Level 1.0 Stealth
 + Level 3.9 Unarmed Combat


You had 3 spell levels left.
You didn't know any spells.

Dungeon Overview and Level Annotations

Branches:
Dungeon (3/15)

Altars:
Dithmenos
Gozag
Ru
Trog
Uskayaw
Wu Jian
Xom


Innate Abilities, Weirdness & Mutations

You are too large for most types of armour.
You have claws for hands.
Your metabolism is lightning-fast.
You like to eat raw meat.
Your natural rate of healing is unusually fast.
You are covered in fur. (AC +1)
You have very tough skin. (AC +2)


Message History

The orc is almost dead.
The orc priest hits you from afar with a vampiric trident!
The orc hits you with a falchion of slicing.
You scratch the orc but do no damage.
The orc is almost dead.
The orc priest looks encouraged for a moment.
You scratch the orc but do no damage.
The orc is almost dead.
The orc hits you but does no damage.
The orc priest calls down the wrath of Beogh upon you.
Beogh smites you!
You barely miss the orc.
The orc is almost dead.
The orc hits you with a falchion of slicing.
* * * LOW HITPOINT WARNING * * *
The orc priest hits you from afar with a vampiric trident!
* * * LOW HITPOINT WARNING * * *
The orc priest mumbles some strange prayers to Beogh against you.
Beogh smites you!
You die...

.....................#.
#.%............))....#
##....#..............##
#..#.###......._......## #
.##. #####.......##..# ...
#. #.#####.###.# ..[.##.##
#.#(..#.# #.#
........########.#(..#.. #.#
......oloo.@..>..#####..##..
.......o########............
.l..$#### ###########.. ....
### ... .. .


You could see a hand axe, an orc priest, 3 orcs and a frilled lizard.

Vanquished Creatures
  Terence (D:2)
  An ooze (D:1)
  2 worms (D:2)
  2 dart slugs (D:1)
  2 leopard geckos
  4 orcs (D:3)
  A bat (D:1)
  2 giant cockroaches
  7 goblins
  6 hobgoblins
  5 jackals
  5 kobolds
  2 quokkas
  2 frilled lizards (D:1)
  2 rats
44 creatures vanquished.

Notes
Turn   | Place    | Note
-------+----------+-------------------------------------------
     0 | D:1      | grindst0ne the Troll Monk began the quest for the Orb.
     0 | D:1      | Reached XP level 1. HP: 22/22 MP: 0/0
    33 | D:1      | Reached XP level 2. HP: 21/29 MP: 1/1
   290 | D:1      | Reached XP level 3. HP: 36/36 MP: 2/2
   552 | D:2      | Noticed Terence
   558 | D:2      | Killed Terence
   564 | D:2      | Reached XP level 4. HP: 38/45 MP: 3/3
   700 | D:2      | Found an opulent altar of Gozag.
   788 | D:2      | Found a sacrificial altar of Ru.
   788 | D:2      | Found a bloodstained altar of Trog.
   793 | D:2      | Found a shimmering altar of Xom.
   795 | D:2      | Found a shadowy altar of Dithmenos.
   796 | D:2      | Found an ornate altar of the Wu Jian Council.
   988 | D:3      | Noticed a hand axe
   988 | D:3      | Noticed a dagger
   989 | D:3      | Found a hide-covered altar of Uskayaw.
  1078 | D:3      | Killed from afar by an orc priest

Vault maps used:
D:1:      saegor_arrival_miasma
D:2:      chequers_temple_overflow_minitemple,
          nicolae_gozag_cash_rules_everything_around_me, uniq_terence
D:3:      dancing_weapons_uskayaw, first_bread, cheibrodos_sewer_entry_bend

Skill      XL: |  1  2  3 |
---------------+----------+-----
Fighting       | 3 |  3.1
Dodging        | 3 |  3.2
Stealth        | |  1.0
Unarmed Combat | |  3.9

Action                   |  1- 3 |  4- 6 || total
-------------------------+-------+-------++-------
Melee: Unarmed           |    82 |    37 ||   119
       Punch             |     1 |       ||     1
  Use: Scroll            |       |     5 ||     5
 Stab: Sleeping          |     3 |     1 ||     4
  Eat: Chunk             |     7 |     3 ||    10
Armor: Robe              |    26 |     9 ||    35
Dodge: Dodged            |    41 |    17 ||    58
